General information
- name: BNet
- type: Ladder team game (AT/RT)
- host: Battle.net
- saver: 2pro4uBro
map: Highperch
- players: 6
- length: 465:52
- speed: Fast
- version: 1.24 W3XP
- replay type: Public
» download(1020 KB)
Players
team 1 (winner)
2pro4uBro (
green | 4 APM | 1913 actions | 465:52)
5 Archmage
2 Blizzard
3 Brilliance Aura
» actions
| Assign group hotkey | 2 | |
| Basic commands | 14 | |
| Build / train | 54 | |
| ESC pressed | 5 | |
| Enter build submenu | 42 | |
| Enter hero's abilities submenu | 5 | |
| Right click | 740 | |
| Select / deselect | 880 | |
| Select group hotkey | 7 | |
| Use ability | 159 | |
1913 total
» units
| Peasant | 11 | |
| Priest | 1 | |
| Dragonhawk Rider | 4 | |
| Sorceress | 1 | |
17 total
» upgrades
| Lumber Harvesting | 1 | |
| Magic Sentry | 1 | |
| Masonry | 2 | |
| Cloud | 1 | |
5 total
» buildings
| Altar of Kings | 3 | |
| Farm | 11 | |
| Lumber Mill | 2 | |
| Scout Tower | 30 | |
| Arcane Tower | 1 | |
| Guard Tower | 19 | |
| Arcane Vault | 2 | |
| Keep | 1 | |
| Arcane Sanctum | 1 | |
| Gryphon Aviary | 1 | |
| Castle | 1 | |
| Barracks | 1 | |
| Blacksmith | 1 | |
74 total
» build order
00:38 Altar of Kings
00:42 Farm
00:53 Lumber Mill
01:06 Scout Tower
01:33 Farm
01:39 Scout Tower
01:52 Arcane Tower
02:06 Guard Tower
02:09 Scout Tower
02:26 Scout Tower
02:33 Scout Tower
02:35 Scout Tower
02:38 Guard Tower
02:40 Scout Tower
03:05 Arcane Vault
03:07 Guard Tower
03:10 Scout Tower
03:11 Scout Tower
03:28 Guard Tower
03:37 Scout Tower
03:38 Scout Tower
03:39 Scout Tower
03:40 Scout Tower
03:41 Scout Tower
03:42 Scout Tower
04:19 Guard Tower
04:30 Keep
04:38 Guard Tower
04:59 Farm
05:03 Farm
05:08 Farm
05:09 Farm
05:10 Farm
05:19 Guard Tower
05:33 Guard Tower
05:47 Scout Tower
05:50 Scout Tower
05:51 Scout Tower
05:51 Scout Tower
06:19 Guard Tower
07:28 Guard Tower
07:58 Arcane Sanctum
08:02 Gryphon Aviary
08:10 Guard Tower
08:32 Scout Tower
08:35 Scout Tower
11:06 Farm
11:09 Farm
11:18 Castle
11:20 Barracks
11:44 Guard Tower
12:45 Scout Tower
12:46 Scout Tower
13:06 Guard Tower
13:26 Scout Tower
13:27 Scout Tower
14:21 Guard Tower
15:00 Blacksmith
15:19 Scout Tower
15:20 Scout Tower
15:21 Scout Tower
15:23 Guard Tower
16:02 Guard Tower
16:25 Guard Tower
16:48 Scout Tower
16:49 Guard Tower
17:17 Altar of Kings
17:27 Guard Tower
17:31 Scout Tower
18:52 Farm
26:08 Lumber Mill
31:22 Arcane Vault
105:08 Altar of Kings
105:14 Farm
» items
| Scroll of Regeneration | 1 | |
| Ivory Tower | 3 | |
4 total
goingoutwest (
red | 28 APM | 4752 actions | 172:23)
9 Blademaster
3 Wind Walk
3 Critical Strike
1 Bladestorm
2 Mirror Image
» actions
| Assign group hotkey | 1 | |
| Basic commands | 3 | |
| Build / train | 75 | |
| Enter build submenu | 52 | |
| Enter hero's abilities submenu | 10 | |
| Give item / drop item | 35 | |
| Remove unit from queue | 25 | |
| Right click | 3104 | |
| Select / deselect | 1127 | |
| Use ability | 316 | |
4752 total
» units
| Peon | 13 | |
| Wind Rider | 1 | |
| Troll Batrider | -4 | |
10 total
» upgrades
| Ranged Weapons | 3 | |
| Armor | 2 | |
| Envenomed Spears | 1 | |
| Reinforced Defenses | 1 | |
7 total
» buildings
| Altar of Storms | 2 | |
| Orc Burrow | 9 | |
| War Mill | 3 | |
| Stronghold | 1 | |
| Voodoo Lounge | 2 | |
| Fortress | 1 | |
| Beastiary | 3 | |
| Great Hall | 1 | |
| Watch Tower | 22 | |
44 total
» build order
00:05 Altar of Storms
00:23 Orc Burrow
00:40 War Mill
02:29 Orc Burrow
04:23 Stronghold
04:26 Voodoo Lounge
04:28 Voodoo Lounge
04:32 Orc Burrow
04:45 Orc Burrow
06:45 Fortress
06:47 Beastiary
06:48 Beastiary
07:36 Great Hall
16:48 Orc Burrow
16:49 Orc Burrow
18:14 Beastiary
24:08 Orc Burrow
24:10 Orc Burrow
24:49 Altar of Storms
24:53 Orc Burrow
26:49 War Mill
33:58 War Mill
35:53 Watch Tower
35:57 Watch Tower
36:36 Watch Tower
36:39 Watch Tower
36:43 Watch Tower
37:24 Watch Tower
37:56 Watch Tower
38:53 Watch Tower
39:07 Watch Tower
39:10 Watch Tower
39:31 Watch Tower
41:16 Watch Tower
42:21 Watch Tower
42:25 Watch Tower
44:06 Watch Tower
47:52 Watch Tower
50:00 Watch Tower
50:02 Watch Tower
50:10 Watch Tower
51:04 Watch Tower
51:10 Watch Tower
51:15 Watch Tower
» items
| Boots of Speed | 1 | |
| Staff of Teleportation | 2 | |
| Healing Salve | 1 | |
| Lesser Clarity Potion | 3 | |
| Orb of Lightning | 1 | |
| Scroll of Town Portal | 1 | |
| Mechanical Critter | 7 | |
| Potion of Lesser Invulnerability | 1 | |
17 total
RusiaBestContry (
teal | 102 APM | 17618 actions | 172:24)
8 Goblin Tinker
3 Pocket Factory
3 Engineering Upgrade
1 Robo-Goblin
1 Cluster Rockets
» actions
| Assign group hotkey | 11108 | |
| Basic commands | 169 | |
| Build / train | 189 | |
| ESC pressed | 37 | |
| Enter build submenu | 75 | |
| Enter hero's abilities submenu | 9 | |
| Give item / drop item | 9 | |
| Right click | 2082 | |
| Select / deselect | 715 | |
| Select group hotkey | 2710 | |
| Use ability | 513 | |
17618 total
» units
| Peasant | 28 | |
| Sorceress | 1 | |
| Priest | 1 | |
| Siege Engine | 3 | |
| Flying Machine | 27 | |
| Dragonhawk Rider | 10 | |
70 total
» upgrades
| Masonry | 4 | |
| Lumber Harvesting | 3 | |
| Magic Sentry | 1 | |
| Sorceress Training | 1 | |
| Swords | 1 | |
| Armor | 1 | |
| Cloud | 1 | |
| Storm Hammers | 1 | |
| Flak Cannons | 1 | |
| Gunpowder | 1 | |
| Priest Training | 1 | |
16 total
» buildings
| Lumber Mill | 4 | |
| Altar of Kings | 1 | |
| Farm | 10 | |
| Scout Tower | 42 | |
| Guard Tower | 54 | |
| Arcane Tower | 7 | |
| Keep | 2 | |
| Town Hall | 2 | |
| Castle | 3 | |
| Arcane Sanctum | 2 | |
| Gryphon Aviary | 4 | |
| Blacksmith | 1 | |
| Workshop | 6 | |
| Arcane Vault | 2 | |
140 total
» build order
00:08 Lumber Mill
00:41 Altar of Kings
00:56 Farm
01:29 Farm
01:35 Scout Tower
01:38 Scout Tower
01:57 Farm
02:04 Guard Tower
02:05 Scout Tower
02:09 Scout Tower
02:12 Arcane Tower
02:12 Arcane Tower
02:34 Scout Tower
02:34 Scout Tower
02:35 Guard Tower
02:37 Scout Tower
02:38 Guard Tower
02:38 Guard Tower
02:48 Scout Tower
03:06 Guard Tower
03:06 Guard Tower
03:07 Guard Tower
03:09 Scout Tower
03:32 Guard Tower
03:35 Guard Tower
03:36 Guard Tower
03:56 Guard Tower
04:25 Keep
04:26 Keep
04:28 Scout Tower
04:30 Scout Tower
04:34 Scout Tower
04:58 Guard Tower
05:25 Guard Tower
05:52 Scout Tower
05:53 Scout Tower
06:28 Guard Tower
06:29 Scout Tower
06:30 Scout Tower
06:31 Scout Tower
06:32 Scout Tower
06:32 Scout Tower
06:47 Town Hall
07:04 Guard Tower
07:05 Guard Tower
07:11 Castle
07:11 Castle
07:51 Guard Tower
07:51 Guard Tower
07:57 Guard Tower
07:59 Scout Tower
07:59 Scout Tower
08:01 Scout Tower
08:01 Scout Tower
08:10 Arcane Sanctum
08:39 Arcane Sanctum
09:31 Guard Tower
09:32 Guard Tower
10:02 Arcane Tower
10:25 Gryphon Aviary
10:26 Gryphon Aviary
10:31 Blacksmith
12:39 Workshop
13:44 Arcane Vault
14:42 Workshop
14:43 Workshop
15:14 Workshop
15:15 Workshop
15:50 Farm
15:50 Farm
15:51 Farm
15:51 Farm
19:20 Farm
19:20 Farm
19:21 Farm
20:59 Gryphon Aviary
21:00 Gryphon Aviary
21:03 Workshop
22:25 Arcane Vault
23:59 Lumber Mill
26:35 Town Hall
28:33 Lumber Mill
32:55 Scout Tower
33:04 Lumber Mill
34:40 Scout Tower
34:42 Scout Tower
34:43 Guard Tower
35:09 Scout Tower
35:11 Guard Tower
35:11 Guard Tower
35:44 Guard Tower
35:45 Scout Tower
35:47 Scout Tower
36:14 Guard Tower
36:24 Scout Tower
36:39 Guard Tower
37:10 Scout Tower
37:12 Arcane Tower
37:38 Scout Tower
37:40 Arcane Tower
38:09 Arcane Tower
49:00 Scout Tower
49:01 Scout Tower
49:45 Guard Tower
49:45 Guard Tower
49:57 Guard Tower
49:57 Guard Tower
50:09 Scout Tower
50:41 Guard Tower
50:41 Guard Tower
64:09 Scout Tower
65:01 Guard Tower
65:15 Scout Tower
65:20 Scout Tower
65:50 Scout Tower
65:51 Guard Tower
66:30 Guard Tower
66:49 Scout Tower
67:21 Scout Tower
67:48 Guard Tower
67:48 Guard Tower
» items
| Scroll of Regeneration | 2 | |
| Healing Salve | 1 | |
| Lesser Clarity Potion | 3 | |
| Orb of Lightning | 1 | |
| Tiny Great Hall | 1 | |
| Potion of Healing | 1 | |
| Scroll of Town Portal | 2 | |
| Potion of Invisibility | 1 | |
| Mechanical Critter | 1 | |
| Boots of Speed | 1 | |
| Potion of Lesser Invulnerability | 1 | |
15 total
team 2 (loser)

»
Bier_xD (
pink | 46 APM | 5940 actions | 127:58)
5 Death Knight
3 Death Coil
2 Unholy Aura
4 Lich
2 Frost Nova
2 Frost Armor
3 Crypt Lord
2 Impale
1 Spiked Carapace
1 Archmage
1 Brilliance Aura
» actions
| Assign group hotkey | 75 | |
| Basic commands | 56 | |
| Build / train | 135 | |
| Enter build submenu | 31 | |
| Enter hero's abilities submenu | 14 | |
| Give item / drop item | 5 | |
| Remove unit from queue | 27 | |
| Right click | 2937 | |
| Select / deselect | 893 | |
| Select group hotkey | 1543 | |
| Use ability | 217 | |
5940 total
» units
| Acolyte | 31 | |
| Ghoul | 11 | |
| Frost Wyrm | 2 | |
| Gargoyle | 24 | |
68 total
» upgrades
| Creature Attack | 3 | |
| Freezing Breath | 1 | |
| Stone Form | 1 | |
| Creature Carapace | 3 | |
8 total
» buildings
| Altar of Darkness | 1 | |
| Ziggurat | 17 | |
| Crypt | 1 | |
| Graveyard | 1 | |
| Tomb of Relics | 2 | |
| Nerubian Tower | 3 | |
| Halls of the Dead | 1 | |
| Necropolis | 2 | |
| Sacrificial Pit | 1 | |
| Black Citadel | 1 | |
| Spirit Tower | 3 | |
| Boneyard | 3 | |
36 total
» build order
00:18 Altar of Darkness
00:29 Ziggurat
00:35 Crypt
01:03 Graveyard
01:17 Ziggurat
01:44 Tomb of Relics
03:02 Nerubian Tower
03:27 Halls of the Dead
06:36 Ziggurat
06:37 Ziggurat
07:08 Ziggurat
07:11 Necropolis
07:17 Ziggurat
07:22 Ziggurat
07:54 Sacrificial Pit
08:01 Black Citadel
08:24 Spirit Tower
08:25 Spirit Tower
08:27 Nerubian Tower
09:05 Ziggurat
09:11 Ziggurat
09:17 Tomb of Relics
10:07 Spirit Tower
10:25 Boneyard
10:32 Boneyard
12:57 Boneyard
21:01 Ziggurat
21:03 Ziggurat
24:50 Ziggurat
24:50 Ziggurat
24:51 Ziggurat
24:52 Ziggurat
24:53 Ziggurat
24:53 Ziggurat
25:47 Nerubian Tower
29:20 Necropolis
» items
| Rod of Necromancy | 2 | |
| Sacrificial Skull | 1 | |
| Orb of Corruption | 2 | |
| Scroll of Healing | 2 | |
| Scroll of Town Portal | 1 | |
| Dust of Appearance | 1 | |
| Staff of Teleportation | 2 | |
11 total
Mian_Toris (
orange | 28 APM | 4878 actions | 172:24)
6 Death Knight
3 Death Coil
3 Unholy Aura
5 Lich
3 Frost Nova
2 Frost Armor
2 Goblin Tinker
1 Pocket Factory
1 Cluster Rockets
» actions
| Assign group hotkey | 44 | |
| Basic commands | 36 | |
| Build / train | 79 | |
| ESC pressed | 6 | |
| Enter build submenu | 24 | |
| Enter hero's abilities submenu | 16 | |
| Give item / drop item | 6 | |
| Remove unit from queue | 1 | |
| Right click | 2449 | |
| Select / deselect | 951 | |
| Select group hotkey | 931 | |
| Use ability | 332 | |
4878 total
» units
| Acolyte | 12 | |
| Ghoul | 3 | |
| Crypt Fiend | 4 | |
| Obsidian Statue | 9 | |
| Gargoyle | 5 | |
| Frost Wyrm | 4 | |
37 total
» upgrades
| Creature Attack | 3 | |
| Web | 1 | |
| Destroyer Form | 1 | |
| Creature Carapace | 2 | |
| Burrow | 1 | |
| Freezing Breath | 1 | |
9 total
» buildings
| Graveyard | 1 | |
| Crypt | 1 | |
| Altar of Darkness | 1 | |
| Ziggurat | 16 | |
| Tomb of Relics | 1 | |
| Nerubian Tower | 1 | |
| Halls of the Dead | 1 | |
| Black Citadel | 1 | |
| Slaughterhouse | 2 | |
| Sacrificial Pit | 1 | |
| Boneyard | 2 | |
28 total
» build order
00:15 Graveyard
00:20 Crypt
00:47 Altar of Darkness
00:56 Ziggurat
01:11 Tomb of Relics
01:59 Ziggurat
02:30 Nerubian Tower
03:51 Halls of the Dead
05:12 Ziggurat
06:05 Ziggurat
06:57 Black Citadel
07:35 Slaughterhouse
07:57 Slaughterhouse
08:16 Ziggurat
08:56 Ziggurat
13:37 Ziggurat
16:22 Ziggurat
17:07 Ziggurat
18:43 Ziggurat
18:45 Ziggurat
18:46 Ziggurat
18:49 Ziggurat
18:49 Ziggurat
18:50 Ziggurat
18:51 Ziggurat
104:35 Sacrificial Pit
106:09 Boneyard
106:11 Boneyard
» items
| Rod of Necromancy | 1 | |
| Dust of Appearance | 3 | |
| Potion of Lesser Invulnerability | 3 | |
| Orb of Corruption | 1 | |
| Potion of Healing | 1 | |
| Scroll of Protection | 1 | |
| Staff of Teleportation | 3 | |
13 total
Michi_michi15 (
purple | 18 APM | 2941 actions | 166:37)
3 Archmage
2 Summon Water Elemental
1 Brilliance Aura
3 Mountain King
2 Storm Bolt
1 Bash
» actions
| Assign group hotkey | 47 | |
| Basic commands | 1 | |
| Build / train | 146 | |
| ESC pressed | 8 | |
| Enter build submenu | 39 | |
| Enter hero's abilities submenu | 6 | |
| Remove unit from queue | 6 | |
| Right click | 1583 | |
| Select / deselect | 1011 | |
| Select group hotkey | 26 | |
| Use ability | 68 | |
2941 total
» units
| Peasant | 23 | |
| Footman | 31 | |
| Mortar Team | 8 | |
| Flying Machine | 25 | |
| Dragonhawk Rider | 18 | |
105 total
» upgrades
| Masonry | 1 | |
| Gunpowder | 3 | |
| Defend | 1 | |
| Swords | 3 | |
| Flare | 1 | |
| Plating | 3 | |
| Flak Cannons | 1 | |
| Cloud | 1 | |
| Armor | 2 | |
16 total
» buildings
| Altar of Kings | 1 | |
| Barracks | 1 | |
| Farm | 14 | |
| Lumber Mill | 1 | |
| Blacksmith | 1 | |
| Scout Tower | 3 | |
| Keep | 4 | |
| Arcane Tower | 1 | |
| Arcane Vault | 1 | |
| Guard Tower | 1 | |
| Town Hall | 2 | |
| Workshop | 2 | |
| Castle | 1 | |
| Gryphon Aviary | 1 | |
34 total
» build order
00:07 Altar of Kings
00:30 Barracks
00:46 Farm
00:59 Farm
02:26 Lumber Mill
02:47 Blacksmith
03:45 Scout Tower
04:09 Keep
04:09 Keep
04:10 Keep
04:42 Scout Tower
04:45 Arcane Tower
05:32 Arcane Vault
06:07 Guard Tower
07:08 Town Hall
07:48 Farm
07:57 Workshop
08:37 Workshop
08:50 Farm
09:33 Farm
12:52 Farm
12:55 Farm
14:54 Farm
14:57 Farm
18:49 Scout Tower
22:02 Town Hall
26:26 Castle
31:02 Farm
34:44 Farm
34:48 Farm
35:34 Farm
35:59 Farm
39:42 Gryphon Aviary
Chat log
(00:12 / Allies) 2pro4uBro: u go tinker?
(00:12 / All) goingoutwest: wassy happy beer
(00:13 / Allies) RusiaBestContry: ill get a tinker
(00:15 / Allies) 2pro4uBro: i go manaman
(00:16 / Allies) 2pro4uBro: ok
(00:43 / Allies) RusiaBestContry: wat races
(00:45 / Allies) RusiaBestContry: hu ud rand?
(00:49 / Allies) 2pro4uBro: ya
(00:59 / Allies) 2pro4uBro: erz
(01:03 / Allies) 2pro4uBro: dont forget to tower!
(01:15 / Allies) RusiaBestContry: i did forget but i will now
(03:23 / Allies) 2pro4uBro: do this early
(03:27 / Allies) RusiaBestContry: SHAR
(04:41 / Allies) RusiaBestContry: mayhaps
(04:43 / Allies) 2pro4uBro: dnt forget to space
(04:46 / Allies) 2pro4uBro: they have dbl ud
(04:51 / Allies) RusiaBestContry: fucck
(05:37 / Allies) RusiaBestContry: they will ahve crept everything p soon
(05:41 / Allies) RusiaBestContry: undead fast creeper
(05:54 / Allies) 2pro4uBro: lets do our xpo
(06:03 / Allies) RusiaBestContry: gopher it
(07:40 / Allies) 2pro4uBro: take items
(07:41 / Allies) 2pro4uBro: erz
(07:47 / Allies) RusiaBestContry: ok later
(09:54 / Allies) RusiaBestContry: any lums
(10:14 / Allies) RusiaBestContry: LUmz plz
(11:25 / Allies) RusiaBestContry: sahrae
(11:29 / Allies) RusiaBestContry: SHer
(11:34 / Allies) RusiaBestContry: creep then green for 3
(12:21 / All) RusiaBestContry: STAY OUT OF OUR HOME FUCKRS
(12:31 / All) goingoutwest: THI Sis out ass
(12:58 / Allies) 2pro4uBro: u do it
(12:59 / Allies) RusiaBestContry: if u want 3 for blade!!!
(13:00 / Allies) goingoutwest: Yupie
(14:23 / Allies) goingoutwest: do this one
(15:58 / Allies) RusiaBestContry: lums
(16:21 / Allies) 2pro4uBro: its clear
(18:50 / Allies) RusiaBestContry: lum
(22:22 / Allies) 2pro4uBro: do yo think
(22:29 / Allies) 2pro4uBro: that we can climb it that side
(22:36 / Allies) RusiaBestContry: huh
(22:39 / Allies) RusiaBestContry: ya i can get up here
(23:32 / Allies) RusiaBestContry: gonna have big lum problems
(25:58 / Allies) RusiaBestContry: nice
(26:20 / Allies) RusiaBestContry: are there any behind our line snow?
(26:27 / Allies) 2pro4uBro: they all in front i think
(26:29 / Allies) RusiaBestContry: ??????
(26:53 / Allies) RusiaBestContry: lum
(30:56 / Allies) goingoutwest: sheap
(30:58 / Allies) goingoutwest: sheep
(31:02 / Allies) 2pro4uBro: nope
(31:08 / All) Mian_Toris: gogo hugo
(31:39 / All) goingoutwest: gG
(32:52 / Allies) RusiaBestContry: tp up with peons if uc an
(32:57 / Allies) RusiaBestContry: ig ot 1 up here
(34:08 / Allies) RusiaBestContry: tower some
(34:16 / Allies) goingoutwest: I will
(35:01 / Allies) goingoutwest: build close to the well
(36:49 / Allies) goingoutwest: a few scans er
(36:55 / Allies) RusiaBestContry: ok
(38:19 / All) goingoutwest: beer
(39:55 / Allies) RusiaBestContry: at least theyre def upkeep
(40:14 / Allies) 2pro4uBro: mass copters
(42:30 / All) goingoutwest: Few idiots
(42:40 / All) goingoutwest: how you gonna fart up here
(42:50 / All) Mian_Toris: machn kopp zu
(42:53 / All) goingoutwest: we cheated the game and pwned
(43:01 / All) Mian_Toris: u pwned?
(43:03 / All) Mian_Toris: joking?
(43:14 / All) goingoutwest: you just got dick sores from fucking to long on mdma
(43:24 / All) Mian_Toris: whatever
(43:36 / All) goingoutwest: you never done a drug you faggot
(44:21 / Allies) RusiaBestContry: theres shades
(44:23 / All) goingoutwest: hey fags
(44:30 / All) goingoutwest: I poop and pee
(46:12 / Allies) RusiaBestContry: many airs
(46:54 / Allies) RusiaBestContry: all my hawks ded
(49:33 / All) goingoutwest: suck my butt
(49:39 / Allies) goingoutwest: corn hole
(49:42 / All) goingoutwest: corn hole
(50:13 / All) goingoutwest: pwn you
(50:15 / All) goingoutwest: fuck you
(52:48 / All) goingoutwest: peace
(52:50 / All) goingoutwest: im black
(55:19 / Allies) RusiaBestContry: kill am perhaps
(55:28 / All) goingoutwest: perhaps peter
(55:37 / All) goingoutwest: perhaps
(56:19 / All) goingoutwest: nice butt
(57:32 / All) goingoutwest: you got enuff for 2 more waves
(57:35 / All) goingoutwest: maybe 3
(59:05 / Allies) RusiaBestContry: hit exdpo if one of them tp
(60:27 / Allies) RusiaBestContry: i think that was extremely close
(60:34 / Allies) 2pro4uBro: not rlty
(60:35 / Allies) RusiaBestContry: i saw the mk bash animation
(60:37 / Allies) RusiaBestContry: i think
(60:38 / Allies) 2pro4uBro: they cant interrupt
(60:43 / Allies) RusiaBestContry: bashh
(60:44 / Allies) 2pro4uBro: ur immune to bash
(60:47 / Allies) 2pro4uBro: surely
(60:49 / Allies) RusiaBestContry: no
(60:50 / Allies) goingoutwest: no
(60:53 / Allies) RusiaBestContry: im just mechanical
(60:56 / Allies) RusiaBestContry: like a siege engine
(62:17 / Allies) RusiaBestContry: drop the gloves theyre not that good
(62:22 / Allies) RusiaBestContry: take somethign elsse
(62:30 / Allies) RusiaBestContry: invuln prob
(63:57 / Allies) RusiaBestContry: gimmie ur lum gap
(64:02 / Allies) RusiaBestContry: ill just tower much asi can
(65:10 / Allies) 2pro4uBro: afk
(65:17 / Allies) 2pro4uBro: gettin more thomas the tank engine
(65:23 / All) goingoutwest: afk masterbute
(65:41 / All) Mian_Toris: if ur able to locate ur penis hf ^^
(65:53 / All) goingoutwest: its under my gut
(68:12 / Allies) RusiaBestContry: idk wherre to hide it
(68:15 / Allies) RusiaBestContry: theyre looking for them
(68:31 / Allies) RusiaBestContry: in their base for now maybe
(68:33 / Allies) RusiaBestContry: they wont look
(69:12 / Allies) RusiaBestContry: they are niggers
(69:14 / Allies) RusiaBestContry: hackers
(70:06 / Allies) RusiaBestContry: THIS prob stalemate anyway
(70:11 / Allies) RusiaBestContry: but i can work back down teh mountain ifi have to
(70:11 / Allies) goingoutwest: yup
(70:59 / Allies) RusiaBestContry: WILl they unsummon before next atk
(71:29 / All) RusiaBestContry: why dont you guys just get a zeppelin
(71:35 / Allies) 2pro4uBro: ok
(71:36 / All) Mian_Toris: no gold
(71:39 / Allies) 2pro4uBro: i could build 2 farms
(71:44 / Allies) 2pro4uBro: and we hire a merc
(71:46 / Allies) RusiaBestContry: dotn go down anymore
(71:47 / Allies) RusiaBestContry: scary
(71:51 / Allies) RusiaBestContry: we need hero tkill air
(71:54 / Allies) RusiaBestContry: when we kill air they cant win LOL
(72:07 / Allies) RusiaBestContry: why u want a merc
(72:36 / Allies) RusiaBestContry: ill just factory down if they afk forever
(72:45 / Allies) RusiaBestContry: and drop an animal
(72:58 / Allies) RusiaBestContry: srsly doubt they can win nn
(73:05 / Allies) RusiaBestContry: unLEss i underestimate their gold
(73:11 / Allies) RusiaBestContry: and they can make enoughh worms to kill heroes
(73:19 / Allies) goingoutwest: yea with mirror
(74:11 / Allies) RusiaBestContry: maybe they are waiitng us out noww....
(74:13 / Allies) RusiaBestContry: what are they doing
(74:42 / All) RusiaBestContry: hey
(74:46 / All) RusiaBestContry: whats ur plan??
(75:28 / All) Mian_Toris: dont know what to eat this evening :/
(75:37 / All) Mian_Toris: some ideas?
(75:40 / All) goingoutwest: hamburger meatball
(75:43 / All) RusiaBestContry: go to the river with your net and fish up a turd to cook for your family
(75:50 / All) Michi_michi15: schreibts doch amoi deitsch
(76:21 / All) RusiaBestContry: you noobs hide in your bases LOL
(76:28 / All) Mian_Toris: y sry
(76:36 / All) 2pro4uBro: arbeit macht frei niggers
(76:40 / All) Mian_Toris: dont blame me for
(76:42 / All) 2pro4uBro: dont just sit there niggerjew
(77:01 / All) RusiaBestContry: unsummon ur bases and hire a zeppelin
(77:02 / All) RusiaBestContry: and come up here
(77:03 / All) Michi_michi15: ich beschwer mich jetzt ma beim support wegen beledigung
(77:04 / All) Mian_Toris: das hat zwar eher was mit juden zu tun als mit niggern aber gz für die bildungslücke
(77:10 / All) 2pro4uBro: yo
(77:13 / All) Michi_michi15: 2
(77:19 / All) 2pro4uBro: can ich iehre tachter fik
(78:10 / Allies) RusiaBestContry: afk dont let my hero die
(78:14 / Allies) RusiaBestContry: use pot if u hAve to
(78:17 / Allies) RusiaBestContry: they arent makign shit tho
(78:24 / Allies) RusiaBestContry: unelsss they are
(78:26 / Allies) RusiaBestContry: idk
(78:26 / Allies) RusiaBestContry: afk
(78:49 / All) Michi_michi15: joar
(81:21 / All) Michi_michi15: das wird ne hohoe stromrechnung :D
(81:24 / All) Michi_michi15: :P
(81:31 / All) goingoutwest: homo XD
(82:04 / All) Michi_michi15: i gib dir glei an homo du huso
(82:04 / All) Bier_xD: wie sied ihr da hoch gekommen also mit heros?:O
(82:05 / All) Mian_Toris: rein aus interesse
(82:24 / All) Mian_Toris: macht ihr das aus jucks oder seid ihr wirklich schlecht?
(82:38 / All) goingoutwest: homo butt protesters
(86:31 / All) goingoutwest: pizza brpee
(87:29 / All) goingoutwest: nice trade
(87:36 / All) Mian_Toris: geht ne
(87:45 / All) 2pro4uBro: me gusta
(88:02 / All) Mian_Toris: bist schon sone languste
(88:11 / All) 2pro4uBro: suck my dick policewoman
(89:36 / Allies) RusiaBestContry: guess they spent taht time googling
(89:51 / Allies) 2pro4uBro: ruthless efficiency of ze germans
(90:18 / Allies) RusiaBestContry: where tinker
(90:22 / All) Mian_Toris: blind?
(90:41 / All) Michi_michi15: leavt doch
(90:42 / All) goingoutwest: deaf like your mother after the cock ring sex ear break
(90:54 / Allies) RusiaBestContry: where is tinker
(90:58 / Allies) RusiaBestContry: oh
(91:03 / Allies) 2pro4uBro: press f1 twice fucking noob
(91:05 / Allies) RusiaBestContry: dont lose those units
(91:06 / Allies) 2pro4uBro: god damn
(91:13 / Allies) RusiaBestContry: i meant theirs
(91:17 / Allies) RusiaBestContry: why he tp a dk up there
(91:18 / Allies) RusiaBestContry: w/e
(91:34 / All) RusiaBestContry: you guys are gonna get a surprise lol
(91:42 / Allies) 2pro4uBro: go down
(91:45 / Allies) 2pro4uBro: while they come up
(91:47 / Allies) 2pro4uBro: will be lol
(92:02 / All) Michi_michi15: leav
(92:04 / All) Michi_michi15: leav
(92:05 / All) Michi_michi15: leav
(92:06 / All) Michi_michi15: leav
(92:08 / All) Michi_michi15: leav
(92:09 / All) Michi_michi15: leav
(92:15 / All) goingoutwest: no lol
(92:16 / Allies) RusiaBestContry: dont get ur am instakilled plz
(92:27 / All) Michi_michi15: smaul
(92:38 / Allies) 2pro4uBro: if we had ONE hawk
(92:40 / Allies) 2pro4uBro: god damn
(92:50 / Allies) RusiaBestContry: it would die anyway
(92:55 / Allies) RusiaBestContry: theyd prob zerg it with the gartgs
(92:55 / All) goingoutwest: dirty brothers your families forfather came from the midle ass
(93:19 / Allies) 2pro4uBro: fucking hold ground god dman
(94:27 / All) goingoutwest: leav
(94:29 / All) goingoutwest: leav
(94:30 / All) goingoutwest: leav
(94:32 / All) goingoutwest: leav
(94:36 / All) Mian_Toris: sags nochmal bitte ^^
(94:36 / All) goingoutwest: leav
(94:37 / All) goingoutwest: leav
(94:39 / All) goingoutwest: leav
(94:58 / All) goingoutwest: leav
(95:01 / All) 2pro4uBro: nothing that my Star Trek collection can't fix
(95:15 / Allies) RusiaBestContry: did they killl all critters
(96:03 / Allies) RusiaBestContry: shitty orbs
(96:19 / Allies) RusiaBestContry: dont get instant killed
(96:23 / Allies) RusiaBestContry: arch mage with 625 hp
(96:30 / Allies) 2pro4uBro: nigger
(96:33 / Allies) 2pro4uBro: its 3am
(96:33 / All) Michi_michi15: dumm dumm dumm dumm dumm
(96:35 / Allies) 2pro4uBro: im going to bed
(96:40 / Allies) 2pro4uBro: john is playing fallout
(96:42 / All) Michi_michi15: dumm dumm
(96:44 / Allies) 2pro4uBro: its up to you
(96:44 / All) Michi_michi15: dumm dumm
(96:50 / Allies) RusiaBestContry: dont u want to see them get up here
(96:51 / Allies) RusiaBestContry: im playing WOW
(96:53 / All) goingoutwest: butt butt
(97:04 / Allies) RusiaBestContry: wish this game could switch to windowd on the fly
(97:46 / Allies) RusiaBestContry: yessss
(97:59 / All) goingoutwest: bonk bonk bonk
(97:59 / Allies) 2pro4uBro: i got no exp for that damn
(98:00 / Allies) RusiaBestContry: should i get rockets
(98:02 / Allies) RusiaBestContry: instead of factory 3
(98:03 / Allies) RusiaBestContry: HMMM
(98:05 / All) Mian_Toris: whos there?
(98:08 / All) Michi_michi15: dumm dumm
(98:14 / All) Michi_michi15: fc,
(98:18 / All) Michi_michi15: dumm dumm
(98:18 / Allies) RusiaBestContry: yes i get rocketss
(98:19 / All) 2pro4uBro: I like turtles
(98:28 / All) 2pro4uBro: go back to hitlerland bozos
(98:29 / All) Michi_michi15: dumm dumm
(98:30 / All) Michi_michi15: dumm dumm
(98:31 / All) Michi_michi15: dumm dumm
(98:32 / All) Michi_michi15: dumm dumm
(98:33 / All) Michi_michi15: dumm dumm
(98:34 / All) Michi_michi15: dumm dumm
(98:34 / All) Michi_michi15: dumm dumm
(98:35 / All) Michi_michi15: dumm dumm
(98:37 / All) Michi_michi15: dumm dumm
(98:37 / All) Michi_michi15: dumm dumm
(98:38 / All) Michi_michi15: dumm dumm
(98:38 / All) Michi_michi15: dumm dumm
(98:39 / All) Michi_michi15: dumm dumm
(98:41 / All) Michi_michi15: dumm dumm
(98:44 / Allies) goingoutwest: ass
(98:46 / All) goingoutwest: ASS
(98:48 / All) Michi_michi15: weida mcha
(98:52 / All) Michi_michi15: mocha
(98:54 / Allies) RusiaBestContry: back on am
(98:55 / Allies) RusiaBestContry: fucker
(100:39 / Allies) RusiaBestContry: tp ? LOLOL
(100:43 / Allies) 2pro4uBro: save staff
(100:44 / Allies) goingoutwest: staff
(100:45 / Allies) 2pro4uBro: human
(100:51 / Allies) RusiaBestContry: no
(100:51 / Allies) RusiaBestContry: tp
(100:55 / Allies) RusiaBestContry: dk is gone
(100:57 / All) Mian_Toris: kommt was im tv?
(101:12 / Allies) RusiaBestContry: tabbing out a min
(101:13 / All) goingoutwest: vomit I drink poop
(101:20 / All) Michi_michi15: dumm dumm
(101:21 / All) Michi_michi15: dumm dumm
(101:28 / All) Michi_michi15: dumm dumm
(101:29 / All) Michi_michi15: dumm dumm
(101:29 / All) Michi_michi15: dumm dumm
(101:30 / All) Michi_michi15: dumm dumm
(101:31 / All) Michi_michi15: dumm dumm
(101:32 / All) Michi_michi15: dumm dumm
(101:36 / All) Michi_michi15: cooler song or
(103:09 / Allies) RusiaBestContry: quite alot of WURMS
(103:29 / Allies) goingoutwest: give gop some shit
(103:35 / Allies) goingoutwest: and he can rebuild it
(103:42 / Allies) RusiaBestContry: rebuild what
(103:43 / Allies) 2pro4uBro: theres n o room
(103:56 / Allies) RusiaBestContry: fucker
(103:58 / Allies) RusiaBestContry: dont lose hero
(104:04 / Allies) 2pro4uBro: nigger
(104:06 / Allies) 2pro4uBro: i was trapped
(104:35 / Allies) RusiaBestContry: try to do it
(106:29 / Allies) goingoutwest: wait for the staff out
(106:48 / All) Mian_Toris: aua
(107:06 / Allies) 2pro4uBro: am ressing
(107:07 / Allies) 2pro4uBro: shut
(107:08 / Allies) 2pro4uBro: the
(107:09 / Allies) 2pro4uBro: fuck
(107:10 / Allies) 2pro4uBro: up
(107:11 / Allies) 2pro4uBro: erz
(107:12 / Allies) 2pro4uBro: omfg
(107:15 / Allies) RusiaBestContry: manner up
(107:27 / Allies) 2pro4uBro: niggerbag
(107:33 / Allies) RusiaBestContry: basically theyve fucked up
(107:39 / Allies) goingoutwest: yea
(107:54 / Allies) RusiaBestContry: where my staff go
(108:02 / Allies) goingoutwest: I'll bring it
(108:56 / Allies) goingoutwest: im gonna blade em
(109:07 / Allies) RusiaBestContry: dont die
(109:44 / All) goingoutwest: peace
(110:15 / Allies) RusiaBestContry: nice nice
(110:30 / All) 2pro4uBro: like germany attacking russia in 41
(110:34 / Allies) 2pro4uBro: losing
(110:37 / All) 2pro4uBro: losing all yo shit
(111:05 / Allies) RusiaBestContry: ill go down the hill now
(111:07 / Allies) RusiaBestContry: gold me
(111:08 / Allies) RusiaBestContry: for criiters
(111:41 / Allies) 2pro4uBro: good idea to heal first
(111:46 / Allies) RusiaBestContry: tru
(112:22 / Allies) RusiaBestContry: hmm many wyrms wtf
(112:25 / Allies) RusiaBestContry: why didnt they use that gold before lol
(112:26 / Allies) 2pro4uBro: 6 oj
(112:28 / Allies) 2pro4uBro: 2 purp
(113:40 / All) goingoutwest: leav
(113:48 / All) Michi_michi15: never
(114:05 / All) goingoutwest: thats what hitler said
(114:40 / Allies) RusiaBestContry: wtf
(114:42 / Allies) RusiaBestContry: blocked by what
(114:53 / Allies) goingoutwest: the dodo
(115:30 / Allies) RusiaBestContry: fucking shit i cant get down this way
(119:35 / Allies) RusiaBestContry: u there gap
(121:39 / Allies) RusiaBestContry: 11 wyrmm
(122:05 / Allies) RusiaBestContry: bladestorm to avoid death if u have to
(122:09 / Allies) RusiaBestContry: they might flare and try ot kill u
(122:49 / Allies) 2pro4uBro: 100 hp altar
(122:55 / Allies) 2pro4uBro: for 3 wyrms
(122:57 / Allies) 2pro4uBro: not bad
(124:45 / All) Michi_michi15: nix
(124:52 / All) goingoutwest: nigger
(124:59 / All) 2pro4uBro: nix is nothing
(125:04 / All) 2pro4uBro: which is how good you arer
(125:46 / Allies) 2pro4uBro: stop wasting mana
(126:05 / Allies) RusiaBestContry: no unsummonn yet
(126:13 / Allies) RusiaBestContry: good strategy
(126:16 / Allies) RusiaBestContry: lose units 1 by 1
(126:18 / Allies) RusiaBestContry: then make more
(126:23 / Allies) RusiaBestContry: isntead of just spend gold on units for max unitz
(126:47 / Allies) goingoutwest: coming for the robot monster
(126:59 / Allies) goingoutwest: there gonna kill yea
(127:37 / Allies) 2pro4uBro: ok my niggers
(127:43 / Allies) 2pro4uBro: imma give resource back
(127:46 / Allies) 2pro4uBro: then go to sleep
(127:49 / Allies) RusiaBestContry: ok
(127:51 / Allies) RusiaBestContry: goon night
(127:54 / Allies) 2pro4uBro: goon night
(128:01 / Allies) 2pro4uBro: oh hello
(128:04 / Allies) 2pro4uBro: they leave
(128:06 / Allies) 2pro4uBro: i alt tab
(128:12 / All) RusiaBestContry: GG
(128:25 / All) Michi_michi15: 2v3
(128:27 / All) Michi_michi15: wayn
(128:33 / All) RusiaBestContry: attack us
(128:34 / All) RusiaBestContry: cowad
(128:36 / All) Michi_michi15: never
(128:42 / All) Michi_michi15: we have time
(128:42 / All) RusiaBestContry: never??
(128:47 / All) Michi_michi15: a lot of time
(128:47 / All) RusiaBestContry: u attack us 5minutes ago
(128:52 / All) RusiaBestContry: me too
(129:02 / All) goingoutwest: never is a long time my dirty monkey
(129:20 / All) RusiaBestContry: Your computers will crash
(130:38 / All) Michi_michi15: wie viel gold habt ihr nch
(130:40 / All) Michi_michi15: noch
(130:47 / All) goingoutwest: corn hole
(130:53 / All) Michi_michi15: wha
(130:54 / All) Michi_michi15: t
(131:04 / All) goingoutwest: tp for my butthole?
(131:12 / All) RusiaBestContry: my anus is getting hard
(131:26 / All) goingoutwest: go see a doctor
(131:33 / All) RusiaBestContry: why the f*ck dont u noobs just buy a zeppelin
(136:02 / All) Michi_michi15: i jemand a
(136:12 / All) RusiaBestContry: eat a butt
(139:34 / Allies) 2pro4uBro: fuck bed
(139:38 / Allies) 2pro4uBro: did they unsummon
(139:42 / Allies) RusiaBestContry: idk
(139:43 / All) Michi_michi15: schalalalaalalala
(139:49 / Allies) RusiaBestContry: nope
(139:53 / Allies) RusiaBestContry: dunnow hy TB H
(140:15 / Allies) 2pro4uBro: prolly cos highper.ch doesnt say to do it
(140:23 / Allies) RusiaBestContry: lol
(140:37 / Allies) RusiaBestContry: thet hing is
(140:41 / Allies) RusiaBestContry: being too careful makes them lose
(140:50 / Allies) 2pro4uBro: honestly
(140:53 / Allies) RusiaBestContry: if they just put everything into wyrms and a coupel hawks they could maybe kill heroes
(140:54 / Allies) RusiaBestContry: in a zerg
(140:55 / Allies) 2pro4uBro: they couldve pushed us over
(140:59 / Allies) 2pro4uBro: hours ago
(141:04 / Allies) RusiaBestContry: yeah
(141:05 / Allies) RusiaBestContry: lol
(141:12 / Allies) RusiaBestContry: i mean fuck
(141:14 / Allies) RusiaBestContry: their first push
(141:16 / Allies) RusiaBestContry: killed like all our air
(141:18 / Allies) 2pro4uBro: instead they try dumb shit like a tinker
(141:22 / Allies) RusiaBestContry: then they mined like
(141:24 / Allies) RusiaBestContry: 10k gold
(141:28 / Allies) RusiaBestContry: but havent done the same thing
(141:36 / Allies) 2pro4uBro: they've tried to stay out of upkeep
(141:37 / All) Michi_michi15: spielen wir i was
(141:44 / Allies) RusiaBestContry: the tinker can work if they can micro T B H
(141:44 / Allies) 2pro4uBro: and they killed the critters
(141:45 / Allies) 2pro4uBro: ergo
(141:50 / Allies) 2pro4uBro: they read highper.ch
(141:56 / Allies) RusiaBestContry: bladestorm and rockets p good combo
(142:14 / Allies) 2pro4uBro: ok imma masturbate and sleep for real now
(142:19 / Allies) RusiaBestContry: ok bye
(142:22 / Allies) 2pro4uBro: better have victory screen when i wake up
(142:32 / Allies) RusiaBestContry: if we dont disc bfore them
(143:02 / Allies) RusiaBestContry: invisible fucking barriers on dis shit
(143:04 / Allies) RusiaBestContry: so annoyin
(144:15 / All) goingoutwest: brb pizza
(144:26 / All) goingoutwest: dont fuck with the base please
(144:35 / All) goingoutwest: brb
(144:51 / Allies) RusiaBestContry: that hawk so close
(145:00 / All) goingoutwest: brb pizza
(145:03 / Allies) goingoutwest: pause please
(145:59 / Specific player) Michi_michi15: tz
(148:05 / Allies) RusiaBestContry: hahaha
(148:11 / Allies) RusiaBestContry: 1 wyrm down
(148:13 / Allies) RusiaBestContry: um
(148:19 / Allies) RusiaBestContry: only teh leavers wyrms moving i guess the other ud is afk
(148:21 / Allies) RusiaBestContry: and didnt share
(149:33 / All) goingoutwest: IM GONNA DO WHAT i WANT AND IM GONNA GET PAID
(149:47 / All) RusiaBestContry: are you there??
(149:56 / All) RusiaBestContry: Greetings
(150:31 / Allies) goingoutwest: YUP
(150:55 / All) RusiaBestContry: leavenoober cheaters
(151:05 / All) Michi_michi15: pls german
(151:14 / All) RusiaBestContry: heil hitler
(151:30 / All) Michi_michi15: okey this i say to the gamemaster
(151:38 / All) RusiaBestContry: i am the gamemaster
(151:46 / All) Michi_michi15: no.
(151:51 / All) RusiaBestContry: yes.
(151:57 / All) RusiaBestContry: you are the gaymaster
(152:13 / All) RusiaBestContry: bring your wyrm here please
(153:03 / All) Michi_michi15: okey
(153:07 / All) Michi_michi15: i going afk
(153:13 / All) RusiaBestContry: LIER
(153:25 / All) Michi_michi15: what?
(153:29 / Allies) RusiaBestContry: jfhgjkfzhdkgjhzdfg
(153:50 / All) RusiaBestContry: send your wyrms here we need to kill them please
(154:06 / All) Michi_michi15: no.
(154:10 / All) RusiaBestContry: why
(154:13 / All) Michi_michi15: come on
(154:13 / All) RusiaBestContry: what do you need them for
(154:21 / All) RusiaBestContry: you only have 6
(154:25 / All) Michi_michi15: no 8
(154:31 / All) RusiaBestContry: wheres the other 2
(154:40 / All) Michi_michi15: under left
(155:10 / All) Michi_michi15: bye i came in 2hours
(156:42 / Allies) RusiaBestContry: jesus fck
(156:44 / All) Michi_michi15: why you left not?
(156:58 / All) RusiaBestContry: WE want the longest game of all time
(157:02 / All) RusiaBestContry: 5000 hours
(157:24 / All) Michi_michi15: i think you are very stupit
(157:29 / All) RusiaBestContry: why
(158:05 / All) RusiaBestContry: why u not are afk WTF
(158:06 / All) RusiaBestContry: liaer
(158:52 / All) RusiaBestContry: how much gold you has
(159:00 / All) Michi_michi15: a lot of
(159:05 / All) RusiaBestContry: HOW much
(159:07 / Allies) goingoutwest: DICK DICK DICK
(159:13 / All) goingoutwest: dick dickdcik
(159:17 / All) Michi_michi15: say you's
(159:23 / All) RusiaBestContry: 682
(159:31 / All) Michi_michi15: he have 10
(159:41 / All) RusiaBestContry: who
(159:55 / Allies) RusiaBestContry: go down ifu want but dont alert them
(159:58 / Allies) RusiaBestContry: or they will find me
(160:14 / Allies) RusiaBestContry: dont let them seee u at all
(160:17 / Allies) RusiaBestContry: shades around
(160:29 / Allies) RusiaBestContry: shades at their units
(161:06 / All) goingoutwest: bing bong
(161:13 / All) Michi_michi15: we have a lot of gold :P
(161:15 / All) Michi_michi15: loser
(161:18 / All) RusiaBestContry: HOW MANY
(161:25 / All) Michi_michi15: 1k or 2k
(161:30 / Allies) goingoutwest: kill the base
(161:38 / Allies) RusiaBestContry: ya ya
(161:38 / All) Michi_michi15: stupid
(161:47 / All) RusiaBestContry: how many golds
(161:48 / All) RusiaBestContry: lol
(161:49 / All) RusiaBestContry: dont lie
(162:09 / All) Michi_michi15: okey i leav
(162:12 / All) RusiaBestContry: bye
(162:19 / All) RusiaBestContry: noob always leave
(162:20 / All) Michi_michi15: in 2 hours
(162:24 / All) goingoutwest: pwn noob
(162:30 / All) goingoutwest: you aren't good at the game
(162:44 / All) goingoutwest: pwn pwn own
(164:09 / All) Michi_michi15: i must go bye. have a nice life
(164:15 / All) RusiaBestContry: because you loes
(164:24 / All) Michi_michi15: we played dota.
(164:26 / All) goingoutwest: quit idiot
(164:35 / All) RusiaBestContry: you cheat and then you lose lol
(164:52 / All) goingoutwest: thanks
(164:52 / All) goingoutwest: I've been waiting for the pizza
(165:11 / All) goingoutwest: fuck you
(166:34 / All) Michi_michi15: naja i talk with the gm bye.
(166:49 / Allies) goingoutwest: game master
(166:51 / Allies) goingoutwest: lol
(166:54 / Allies) RusiaBestContry: why dont they just stay
(166:57 / Allies) RusiaBestContry: to waste our precious time
(166:59 / Allies) RusiaBestContry: they always leave
(167:08 / Allies) RusiaBestContry: if they had a brain they would realise they lost long before now
(167:23 / Allies) goingoutwest: hope is strong
(167:40 / All) goingoutwest: im on drugs nigga